 Dungeon Crawl Stone Soup version 0.19-a0-414-g76fec5b (webtiles) character file.

922 Goblin1989 the Basher (level 8, -2/44 HPs)
             Began as a Gargoyle Gladiator on June 1, 2016.
             Killed from afar by an orc wizard (3 damage)
             ... with a magic dart
             ... on level 6 of the Dungeon.
             The game lasted 00:09:26 (4653 turns).

Goblin1989 the Basher (Gargoyle Gladiator)          Turns: 4653, Time: 00:09:27

Health: -2/44      AC: 14    Str: 22    XL:     8   Next: 10%
Magic:  8/8        EV: 10    Int:  8    God:
Gold:   294        SH:  0    Dex: 10    Spells: 0 memorised, 7 levels left

rFire  . . .     SeeInvis .     H - +0 morningstar
rCold  . . .     Gourm    .     F - +0 scale mail
rNeg   + . .     Faith    .     (no shield)
rPois  ∞         Spirit   .     c - +0 helmet
rElec  +         Dismiss  .     (no cloak)
rCorr  +         Reflect  .     n - +0 pair of gloves
SustAt .         Harm     .     t - +0 pair of boots
MR     .....                    (no amulet)
Stlth  ..........               (no ring)
                                C - ring of resist corrosion

@: not resistant to hostile enchantments, extremely unstealthy
A: negative energy resistance 1, electricity resistance, unbreathing,
petrification resistance, rot immunity, AC +5
a: no special abilities


You were on level 6 of the Dungeon.
You were near starving.

You visited 2 branches of the dungeon, and saw 7 of its levels.

You collected 413 gold pieces.
You spent 119 gold pieces at shops.

Inventory:

Hand Weapons
 H - a +0 morningstar (weapon)
Missiles
 d - 3 throwing nets (quivered)
 u - 55 sling bullets
 v - 34 poisoned needles
 w - 2 poisoned tomahawks
 A - 134 stones
Armour
 c - a +0 helmet (worn)
 n - a +0 pair of gloves (worn)
 t - a +0 pair of boots (worn)
 F - a +0 scale mail (worn)
Jewellery
 g - an uncursed ring of protection from magic {unknown}
 C - a ring of resist corrosion (left hand)
Scrolls
 a - a scroll of fog {unknown}
 e - a scroll of enchant armour {unknown}
 h - 3 scrolls of amnesia {unknown}
 k - 3 scrolls of enchant weapon {unknown}
 m - 6 scrolls of remove curse
 o - a scroll of magic mapping {unknown}
 q - 3 scrolls of identify
 y - a scroll of recharging {unknown}
 B - a scroll of teleportation {unknown}
 D - a scroll of random uselessness {unknown}
 E - a scroll of fear
 I - a scroll of immolation {unknown}
Potions
 b - a potion of lignification {unknown}
 i - 2 potions of flight {unknown}
 l - a potion of might {unknown}
 p - a potion of resistance {unknown}
 r - a potion of mutation {unknown}
 z - a potion of berserk rage {unknown}
 G - a potion of magic {unknown}
 J - 3 potions of curing {unknown}
 K - a potion of brilliance {unknown}
Books
 L - a book of Transfigurations

   Spells                             Type                      Level
   a - Irradiate                      Conjuration/Transmutation    5
   b - Statue Form                    Transmutation/Earth          6
   c - Hydra Form                     Transmutation                6
   d - Dragon Form                    Transmutation                7
Comestibles
 f - 3 bread rations
 j - 3 slices of pizza
 s - 9 fruits
 x - a meat ration


   Skills:
 - Level 2.1 Fighting
 * Level 9.5 Maces & Flails
 - Level 1.7 Throwing
 - Level 2.4 Dodging


You had 7 spell levels left.
You didn't know any spells.

Dungeon Overview and Level Annotations

Branches:
Dungeon (6/15)             Temple (1/1) D:5

Altars:
Ashenzari
Cheibriados
Dithmenos
Fedhas
Gozag
Kikubaaqudgha
Nemelex Xobeh
Okawaru
Pakellas
Qazlal
Sif Muna
Trog
Xom
Yredelemnul
Zin
The Shining One

Shops:
D:4 ?   D:5 [


Innate Abilities, Weirdness & Mutations

You are resistant to torment.
Your stone body is resilient (AC +5).
You are immune to poison.
You resist negative energy. (rN+)
You are resistant to electric shocks. (rElec)
You can survive without breathing.
You are immune to petrification.
You are immune to rotting.


Message History

You are too injured to fight recklessly!
You are too injured to fight recklessly!
You are too injured to fight recklessly!
You are too injured to fight recklessly!
You are too injured to fight recklessly!
You are too injured to fight recklessly!
You are too injured to fight recklessly!
You are too injured to fight recklessly!
You are too injured to fight recklessly!
You are too injured to fight recklessly!
You are too injured to fight recklessly!
You are too injured to fight recklessly!
You are too injured to fight recklessly!
You are too injured to fight recklessly!
You are too injured to fight recklessly!
You are too injured to fight recklessly!
You are too injured to fight recklessly!
A magic dart appears from out of thin air!
The magic dart hits you!
You die...

#.........##
##.........#
#.........##
#......####
#..#.### ####.##
##.# #.######
##..@...##
#.....o..#
#.....o{...#
#.#........#
#..#...........
#..##.........#.
#.# ###.......#
.# ###......#
##...##


You could see an orc warrior and an orc priest.

Vanquished Creatures
  A black bear (D:5)
  An ogre (D:5)
  2 scorpions
  2 crimson imps
  A centaur zombie (D:5)
  A giant frog zombie (D:3)
  An orc wizard (D:4)
  4 hounds
  2 worker ants (D:4)
  2 hound zombies (D:5)
  A worker ant zombie (D:6)
  3 gnolls (D:4)
  13 adders
  5 oozes
  2 adder skeletons
  3 worms
  A dart slug (D:2)
  4 giant geckos
  18 orcs
  9 bats
  4 giant cockroaches
  14 hobgoblins
  3 jackals (D:5)
  3 kobolds
  A quokka (D:5)
  A ball python (D:4)
  A giant gecko skeleton (D:5)
  2 giant newts (D:3)
  6 goblins
  8 rats
119 creatures vanquished.

Notes
Turn   | Place    | Note
--------------------------------------------------------------
     0 | D:1      | Goblin1989 the Gargoyle Gladiator began the quest for the Orb.
     0 | D:1      | Reached XP level 1. HP: 12/12 MP: 1/1
   151 | D:1      | Reached XP level 2. HP: 15/17 MP: 2/2
   550 | D:1      | Reached skill level 4 in Maces & Flails
   664 | D:1      | Reached XP level 3. HP: 21/21 MP: 3/3
   765 | D:2      | Found a basalt altar of Yredelemnul.
   938 | D:2      | Reached XP level 4. HP: 26/26 MP: 4/4
  1025 | D:2      | Found a bloodstained altar of Trog.
  1041 | D:2      | Reached skill level 5 in Maces & Flails
  1517 | D:3      | Reached XP level 5. HP: 30/30 MP: 5/5
  1685 | D:3      | Reached skill level 6 in Maces & Flails
  2377 | D:3      | Found an ancient bone altar of Kikubaaqudgha.
  2379 | D:3      | Found a blossoming altar of Fedhas.
  2431 | D:4      | Reached XP level 6. HP: 35/35 MP: 6/6
  2493 | D:4      | Reached skill level 7 in Maces & Flails
  2515 | D:4      | Found a deep blue altar of Sif Muna.
  2581 | D:4      | Found an opulent altar of Gozag.
  2836 | D:4      | Found a stormy altar of Qazlal.
  2930 | D:4      | Reached XP level 7. HP: 39/40 MP: 7/7
  2934 | D:4      | Found an iron altar of Okawaru.
  3184 | D:4      | Found Puguet's Magic Scroll Shop.
  3192 | D:4      | Bought a scroll of identify for 28 gold pieces
  3192 | D:4      | Bought a scroll of remove curse for 42 gold pieces
  3192 | D:4      | Bought a scroll of fear for 49 gold pieces
  3247 | D:5      | Entered Level 5 of the Dungeon
  3267 | D:5      | Found Enkel's Antique Armour Emporium.
  3375 | D:5      | Found a staircase to the Ecumenical Temple.
  3416 | Temple   | Entered the Ecumenical Temple
  3546 | D:5      | Reached skill level 8 in Maces & Flails
  4057 | D:5      | Reached skill level 9 in Maces & Flails
  4468 | D:5      | Reached XP level 8. HP: 44/44 MP: 8/8
  4517 | D:6      | Found a shimmering altar of Xom.
  4652 | D:6      | HP: 2/44 [orc warrior/trident (16)]
  4653 | D:6      | Killed from afar by an orc wizard

Vault maps used:
D:1:      grunt_arrival_crossed_arrows, minmay_quantized
D:2:      lemuel_coloured_pillars_altar, yredelemnul_altar_generic
D:3:      mumra_celtic_spiral_tile, grunt_temple_overflow_growth_and_decay,
          first_bread
D:4:      old_standard_altar, okawaru_altar_gauntlet_db, lemuel_doored_altar,
          nicolae_gozag_seed_capital, serial_shops, shop
D:5:      corexii_shack_village, minmay_temple_entry_enclosed_plants,
          serial_shops, nicolae_shop_overgrown_old_shop
D:6:      basic_altar
Temple:   temple_island_7

Skill      XL: |  1  2  3  4  5  6  7 |
---------------+----------------------+-----
Maces & Flails | 4 5 6 7 9 |  9.5
Fighting       | |  2.1
Throwing       | |  1.7
Dodging        | |  2.4

Action                   |  1- 3 |  4- 6 |  7- 9 || total
-------------------------+-------+-------+-------++-------
Melee: Flail             |   100 |   210 |    60 ||   370
       Morningstar       |       |       |   108 ||   108
Throw: Throwing net      |       |       |     2 ||     2
  Eat: Chunk             |       |     7 |     3 ||    10
       Fruit             |       |       |     1 ||     1
Armor: Leather armour    |     1 |       |       ||     1
       Ring mail         |    59 |    91 |    18 ||   168
       Scale mail        |       |       |    63 ||    63
Dodge: Dodged            |    67 |   151 |    94 ||   312
